 Dungeon Crawl Stone Soup version 0.28-a0-1128-gb845255321 (webtiles) character file.

Game seed: 3127524632923771432

304 Gargoyl the Skirmisher (level 6, 0/53 HPs)
             Began as a Gnoll Abyssal Knight on Dec 12, 2021.
             Was a Follower of Lugonu.
             Slain by Pikel (8 damage)
             ... on level 5 of the Dungeon.
             The game lasted 00:05:45 (4007 turns).

Gargoyl the Skirmisher (Gnoll Abyssal Knight)       Turns: 4007, Time: 00:05:45

Health: 0/53       AC:  7    Str: 14    XL:     6   Next: 38%
Magic:  9/9        EV: 11    Int:  9    God:    Lugonu [*.....]
Gold:   132        SH:  0    Dex: 13    Spells: 8/8 levels left

rFire   + . .      SeeInvis +   a - +1 hand axe
rCold   + + .      Faith    .   (no shield)
rNeg    . . .      Spirit   .   c - +1 ring mail
rPois   +          Reflect  .   (no helmet)
rElec   +          Harm     .   (no cloak)
rCorr   +          Rampage  .   (no gloves)
Will    .....                   (no boots)
Stlth   +.........              (no amulet)
HPRegen 0.17/turn               g - ring of protection from cold
MPRegen 0.11/turn               m - ring of see invisible

@: resistant
A: fangs 1, strong nose, distributed training
a: Renounce Religion, Depart the Abyss


You were on level 5 of the Dungeon.
You worshipped Lugonu.
Lugonu was aware of your devotion.
You visited 1 branch of the dungeon, and saw 5 of its levels.
You visited the Abyss 1 time.

You collected 189 gold pieces.
You spent 57 gold pieces at shops.

Inventory:

Hand Weapons
 a - a +1 hand axe (weapon)
Armour
 c - a +1 ring mail (worn)
Jewellery
 g - a ring of protection from cold (left hand)
 m - a ring of see invisible (right hand)
Scrolls
 l - a scroll of teleportation
Potions
 d - a potion of cancellation
 f - 2 potions of degeneration {unknown}
 h - a potion of ambrosia {unknown}
 j - a potion of invisibility {unknown}
 n - 2 potions of attraction {unknown}


   Skills:
 + Level 6.8 Fighting
 + Level 1.9 Short Blades
 + Level 1.9 Long Blades
 + Level 5.0 Axes
 + Level 1.9 Maces & Flails
 + Level 1.9 Polearms
 + Level 1.9 Staves
 + Level 1.9 Slings
 + Level 1.9 Bows
 + Level 1.9 Crossbows
 + Level 1.9 Throwing
 + Level 5.0 Armour
 + Level 3.2 Dodging
 + Level 1.9 Stealth
 + Level 1.9 Shields
 + Level 1.9 Unarmed Combat
 + Level 1.9 Spellcasting
 + Level 1.5 Conjurations
 + Level 1.5 Hexes
 + Level 1.5 Summonings
 + Level 1.5 Necromancy
 + Level 1.5 Translocations
 + Level 1.5 Transmutations
 + Level 1.5 Fire Magic
 + Level 1.5 Ice Magic
 + Level 1.5 Air Magic
 + Level 1.5 Earth Magic
 + Level 1.5 Poison Magic
 + Level 5.0 Invocations
 + Level 1.9 Evocations


You had 8 spell levels left.
You didn't know any spells.
Your spell library contained the following spells:

 Spells                   Type           Power      Damage    Failure   Level
 Freeze                   Ice            12%        1d4       34%         1
 Magic Dart               Conj           12%        1d3       34%         1
 Call Imp                 Summ           3%         N/A       45%         2
 Corpse Rot               Necr/Air       6%         N/A       45%         2
 Poisonous Vapours        Pois/Air       6%         N/A       45%         2
 Frozen Ramparts          Ice            6%         1d2       71%         3
 Mephitic Cloud           Conj/Pois/Air  3%         N/A       71%         3
 Hailstorm                Conj/Ice       3%         3d3       98%         4


Dungeon Overview and Level Annotations

Branches:
Dungeon (5/15)             Temple (0/1) D:5

Altars:
Makhleb

Shops:
D:1 :   D:2 *

Annotations:
D:5 Pikel


Innate Abilities, Weirdness & Mutations

You have very sharp teeth.
Your uncanny sense of smell can sniff out nearby items.
Your experience applies equally to all skills.


Message History

You barely miss Pikel.
Pikel is severely wounded.
Pikel hits you with a +1 whip of electrocution!
* * * LOW HITPOINT WARNING * * *
You hit Pikel but do no damage. You bite Pikel, but do no damage.
Pikel is severely wounded.
Pikel hits you with a +1 whip of electrocution!
* * * LOW HITPOINT WARNING * * *
You closely miss Pikel.
Pikel is severely wounded.
Pikel hits you with a +1 whip of electrocution.
* * * LOW HITPOINT WARNING * * *
You feel better.
Pikel hits you with a +1 whip of electrocution!
* * * LOW HITPOINT WARNING * * *
You feel better.
Pikel hits you with a +1 whip of electrocution.
* * * LOW HITPOINT WARNING * * *
Okay, then.
You feel better. Pikel misses you.
You hit Pikel but do no damage.
Pikel is severely wounded.
Pikel closely misses you.
You hit Pikel but do no damage.
Pikel is severely wounded.
Pikel hits you but does no damage.
You hit Pikel. You bite Pikel, but do no damage.
Pikel is severely wounded.
Pikel hits you with a +1 whip of electrocution!
* * * LOW HITPOINT WARNING * * *
You hit Pikel.
Pikel is almost dead.
Pikel barely misses you.
You hit Pikel.
Pikel is almost dead.
Pikel hits you but does no damage.
You hit Pikel. You bite Pikel, but do no damage.
Pikel is almost dead.
Pikel hits you with a +1 whip of electrocution!
You die...

........####..##..............
........#.....................
..>....#...#.................##
....##......#......# ........>
... ###...##...... .####....
...## ###..##.....# .. ..).
.....##...........#....
.......................
...#....##..#.#@# ....
#....##...##K#.....
#...####...55.......
#...##.##..5#####...
#...........#...
.#.##.............
.............###..
......)......#
......#.....#...#


You could see Pikel and 3 lemures.

Vanquished Creatures
  3 jellies
  Natasha (thrice) (D:2)
  Ijyb (D:5)
  5 adders
  An adder skeleton (D:4)
  3 dart slugs
  2 orcs
  6 endoplasms
  2 giant cockroaches
  2 goblins
  8 hobgoblins
  A jackal (D:1)
  7 kobolds
  6 quokkas
  3 ball pythons
  5 bats
  2 frilled lizards (D:2)
  7 rats
67 creatures vanquished.

Vanquished Creatures (others)
  14 plants (D:2)
14 creatures vanquished.

Grand Total: 81 creatures vanquished

Notes
Turn   | Place    | Note
-------+----------+-------------------------------------------
     0 | Abyss:1  | Gargoyl the Gnoll Abyssal Knight began the quest for the
                  | Orb.
     0 | Abyss:1  | Reached XP level 1. HP: 23/23 MP: 3/3
   162 | Abyss:2  | Noticed a smoke demon
   167 | D:1      | Escaped the Abyss
   241 | D:1      | Reached XP level 2. HP: 15/29 MP: 5/5
   495 | D:1      | Found Famexeid's Book Boutique.
   656 | D:1      | Reached * piety under Lugonu
   674 | D:1      | Found a faded altar of an unknown god.
   800 | D:1      | Reached XP level 3. HP: 35/35 MP: 6/6
  1008 | D:2      | Noticed Natasha
  1017 | D:2      | Killed Natasha
  1018 | D:2      | Reached skill level 1 in Short Blades
  1018 | D:2      | Reached skill level 1 in Long Blades
  1018 | D:2      | Reached skill level 1 in Maces & Flails
  1018 | D:2      | Reached skill level 1 in Polearms
  1018 | D:2      | Reached skill level 1 in Staves
  1018 | D:2      | Reached skill level 1 in Slings
  1018 | D:2      | Reached skill level 1 in Bows
  1018 | D:2      | Reached skill level 1 in Crossbows
  1018 | D:2      | Reached skill level 1 in Throwing
  1018 | D:2      | Reached skill level 1 in Stealth
  1018 | D:2      | Reached skill level 1 in Shields
  1018 | D:2      | Reached skill level 1 in Unarmed Combat
  1018 | D:2      | Reached skill level 1 in Spellcasting
  1018 | D:2      | Reached skill level 1 in Evocations
  1061 | D:2      | Noticed Natasha
  1071 | D:2      | Killed Natasha
  1072 | D:2      | Reached XP level 4. HP: 36/41 MP: 7/7
  1190 | D:2      | Found Kamaic's Assorted Antiques.
  1199 | D:2      | Bought a potion of curing for 57 gold pieces
  1220 | D:2      | You fall into a shaft and drop 1 floor!
  1233 | D:3      | Reached skill level 1 in Conjurations
  1233 | D:3      | Reached skill level 1 in Hexes
  1233 | D:3      | Reached skill level 1 in Summonings
  1233 | D:3      | Reached skill level 1 in Necromancy
  1233 | D:3      | Reached skill level 1 in Translocations
  1233 | D:3      | Reached skill level 1 in Transmutations
  1233 | D:3      | Reached skill level 1 in Fire Magic
  1233 | D:3      | Reached skill level 1 in Ice Magic
  1233 | D:3      | Reached skill level 1 in Air Magic
  1233 | D:3      | Reached skill level 1 in Earth Magic
  1233 | D:3      | Reached skill level 1 in Poison Magic
  2045 | D:2      | Reached XP level 5. HP: 40/47 MP: 8/8
  2131 | D:2      | Noticed Natasha
  2142 | D:2      | Killed Natasha
  2520 | D:2      | Found a burning altar of Makhleb.
  2642 | D:2      | Reached ** piety under Lugonu
  2998 | D:4      | Reached skill level 5 in Invocations
  3253 | D:4      | Reached XP level 6. HP: 22/53 MP: 9/9
  3837 | D:5      | Entered Level 5 of the Dungeon
  3913 | D:5      | Found a staircase to the Ecumenical Temple.
  3949 | D:5      | Noticed Ijyb
  3959 | D:5      | Noticed Pikel
  3968 | D:5      | Killed Ijyb
  3969 | D:5      | Reached skill level 5 in Axes
  3969 | D:5      | Reached skill level 5 in Armour
  4007 | D:5      | Slain by Pikel

Illustrated notes

Levels and vault maps discovered:
D:1:      erik_arrival_blinker_ship, layout_basic, serial_shops,
          nicolae_shop_stone, hellmonk_ecumenical_altar_run_dry,
          kennysheep_doodads, minmay_pentomino_t4
D:2:      layout_rooms, basic_altar, serial_shops, nicolae_shop_stone,
          st_stairs_13, guppyfry_early_lair_pool, uniq_natasha
D:3:      layout_basic
D:4:      layout_gridville, minmay_misc_feat_tower
D:5:      layout_cave_pools, minmay_temple_entry_wispy, uniq_ijyb, uniq_pikel,
          uniq_menkaure

Skill      XL: |  1  2  3  4  5  6 |
---------------+-------------------+-----
Short Blades   | 1 |  1.9
Long Blades    | 1 |  1.9
Maces & Flails | 1 |  1.9
Polearms       | 1 |  1.9
Staves         | 1 |  1.9
Slings         | 1 |  1.9
Bows           | 1 |  1.9
Crossbows      | 1 |  1.9
Throwing       | 1 |  1.9
Stealth        | 1 |  1.9
Shields        | 1 |  1.9
Unarmed Combat | 1 |  1.9
Spellcasting   | 1 |  1.9
Evocations     | 1 |  1.9
Conjurations   | 1 |  1.5
Hexes          | 1 |  1.5
Summonings     | 1 |  1.5
Necromancy     | 1 |  1.5
Translocations | 1 |  1.5
Transmutations | 1 |  1.5
Fire Magic     | 1 |  1.5
Ice Magic      | 1 |  1.5
Air Magic      | 1 |  1.5
Earth Magic    | 1 |  1.5
Poison Magic   | 1 |  1.5
Dodging        | 3 |  3.2
Invocations    | 5 |  5.0
Axes           | 5 |  5.0
Armour         | 5 |  5.0
Fighting       | |  6.8

Action                   |  1- 3 |  4- 6 || total
-------------------------+-------+-------++-------
Melee: Hand axe          |    69 |   199 ||   268
       Bite              |     5 |    24 ||    29
       Punch             |       |     2 ||     2
Invok: Depart the Abyss  |     1 |       ||     1
  Use: Scroll            |     1 |     9 ||    10
       Potion            |     1 |     9 ||    10
Armor: Ring mail         |    35 |    87 ||   122
Dodge: Dodged            |    59 |   123 ||   182

Table legend: (Time is in decaauts)
 A = Elapsed time spent in this place.
 B = Non-inter-level travel time spent in this place.
 C = Inter-level travel time spent in this place.
 D = Time resting spent in this place.
 E = Time spent auto-exploring this place.
 F = Levels seen in this place.
 G = Mean time per level.
                   A        B        C        D        E       F      G
               +--------+--------+--------+--------+--------+-----+--------+
         Total |   4041 |   3985 |     56 |    260 |   2913 |   7 |  577.3 |
       Dungeon |   3875 |   3819 |     56 |    260 |   2808 |   5 |  775.0 |
         Abyss |    166 |    166 |      0 |      0 |    105 |   2 |   83.0 |
               +--------+--------+--------+--------+--------+-----+--------+

Top non-repeatable levels by time:
     D:4: 1105 daAuts
     D:2: 941 daAuts
     D:3: 835 daAuts
     D:1: 821 daAuts
     D:5: 172 daAuts
 Abyss:1: 137 daAuts
 Abyss:2: 29 daAuts
